 Dungeon Crawl Stone Soup version 0.24.0-1-gfbc8707122 (webtiles) character file.

Game seed: 1502836158633848222, levelgen mode: deterministic

1120 Donthurtboomboom the Ruffian (level 8, -1/74 HPs)
             Began as a Troll Skald on Oct 27, 2019.
             Slain by a gnoll sergeant
             ... wielding a +0 spear
              (2 damage)
             ... on level 7 of the Dungeon.
             The game lasted 00:28:01 (6900 turns).

Donthurtboomboom the Ruffian (Troll Skald)          Turns: 6900, Time: 00:28:02

Health: -1/74      AC:  6    Str: 22    XL:     8   Next: 12%
Magic:  9/9        EV: 11    Int:  9    God:
Gold:   232        SH:  0    Dex:  9    Spells: 8/9 levels left

rFire    . . .     SeeInvis .     - Unarmed
rCold    . . .     Gourm    +   (no shield)
rNeg     . . .     Faith    .   t - +0 robe
rPois    .         Spirit   .   (helmet restricted)
rElec    .         Reflect  .   (no cloak)
rCorr    .         Harm     .   (gloves unavailable)
MR       .....                  (boots unavailable)
Stlth    +.........             (no amulet)
HPRegen  0.62/turn              (no ring)
MPRegen  0.11/turn              (no ring)

@: no status effects
A: large, unfitting armour, claws 3, fast metabolism 3, gourmand, regeneration
1, shaggy fur 1, tough skin 3
a: no special abilities


You were on level 7 of the Dungeon.
You were not hungry.

You visited 2 branches of the dungeon, and saw 8 of its levels.

You collected 232 gold pieces.

Inventory:

Hand Weapons
 x - a +0 battleaxe
Armour
 a - a +0 robe
 g - a +0 naga barding
 r - a +0 chain mail
 s - a +0 robe
 t - a +0 robe (worn)
Jewellery
 w - the ring "Efud" {*Tele MR+ Slay+2, unknown}
   (You found it on level 5 of the Dungeon)

   [ring of teleportation]

   It may teleport you next to monsters.
   It affects your accuracy and damage with ranged weapons and melee attacks
   (+2).
   It affects your resistance to hostile enchantments.
Wands
 n - a wand of polymorph (10)
 o - a wand of acid (6)
Scrolls
 b - 7 scrolls of identify
 d - 5 scrolls of remove curse
 f - 3 scrolls of enchant armour {unknown}
 h - 4 scrolls of fog {unknown}
 j - 5 scrolls of teleportation {unknown}
 k - a scroll of blinking {unknown}
 m - 4 scrolls of amnesia {unknown}
 u - a scroll of magic mapping {unknown}
 v - a scroll of vulnerability {unknown}
 y - a scroll of fear {unknown}
 A - a scroll of random uselessness {unknown}
Potions
 e - 3 potions of curing {unknown}
 i - a potion of degeneration {unknown}
 l - a potion of mutation {unknown}
 p - 4 potions of heal wounds {unknown}
 q - 2 potions of haste {unknown}
 z - 2 potions of lignification {unknown}
Comestibles
 c - 3 rations
 B - a chunk of flesh


   Skills:
 + Level 2.7 Fighting
 + Level 4.3 Dodging
 + Level 1.2 Stealth
 + Level 7.1 Unarmed Combat
 + Level 1.4 Spellcasting
 + Level 2.6 Charms


You had 8 spell levels left.
You knew the following spells:

 Your Spells              Type           Power        Failure   Level  Hunger
a - Infusion              Chrm           #...         12%         1    ##.....

Your spell library contained the following spells:

 Spells                   Type           Power        Failure   Level  Hunger
 Song of Slaying          Chrm           #.......     19%         2    ###....
 Shroud of Golubria       Chrm/Tloc      #.....       30%         2    ###....
 Regeneration             Chrm/Necr      #.........   52%         3    ####...
 Spectral Weapon          Hex/Chrm       #.......     52%         3    ####...


Dungeon Overview and Level Annotations

Branches:
Dungeon (7/15)             Temple (1/1) D:6

Altars:
Ashenzari
Cheibriados
Dithmenos
Elyvilon
Fedhas
Gozag
Kikubaaqudgha
Makhleb
Nemelex Xobeh
Okawaru
Qazlal
Ru
Sif Muna
Trog
Uskayaw
Vehumet
Wu Jian
Xom
Yredelemnul
Zin
The Shining One

Shops:
D:5 }


Innate Abilities, Weirdness & Mutations

You are too large for most types of armour.
You have claws for hands.
Your metabolism is lightning-fast.
You like to eat raw meat.
Your natural rate of healing is unusually fast.
You are covered in fur. (AC +1)
You have extremely tough skin. (AC +3)


Message History

You kill the gnoll!
The gnoll sergeant hits you from afar with a +0 spear!
* * * LOW HITPOINT WARNING * * *
The gnoll sergeant hits you from afar with a +0 spear.
* * * LOW HITPOINT WARNING * * *
Things that are here:
a +0 spear; a gnoll corpse
As you read the scroll labeled FISU AMISHRIHYO, it crumbles to dust.
It is a scroll of identify.
d - 5 scrolls of remove curse The gnoll sergeant hits you from afar with a +0 spear.
* * * LOW HITPOINT WARNING * * *
The gnoll sergeant hits you with a +0 spear.
* * * LOW HITPOINT WARNING * * *
You see here a +0 flail.
You closely miss the gnoll sergeant.
The gnoll sergeant hits you with a +0 spear.
* * * LOW HITPOINT WARNING * * *
The gnoll sergeant hits you from afar with a +0 spear.
You die...

.......# .......# ....
..÷....# #.... .......#
#...
.......#+########'####
.....................#
.....................#
.....................# .
................@....#....
................).†..'....
................g....#'###
.......#############.....
.......# ...... .......#
...$. .......# .....
.......# .... ####


You could see a gnoll sergeant.

Vanquished Creatures
  Grinder (D:3)
  An ice beast (D:5)
  An ogre (D:6)
  A bullfrog (D:6)
  An orc priest (D:5)
  A hound (D:4)
  5 orc wizards
  Jessica (D:3)
  3 iguanas
  Ijyb (D:3)
  Natasha (D:3)
  6 worker ants
  4 gnolls
  3 adders
  A shadow imp (D:4)
  An ooze (D:5)
  An adder zombie (D:5)
  A worm (D:6)
  3 dart slugs
  A leopard gecko (D:4)
  27 orcs
  A ball python (D:4)
  2 bats
  4 giant cockroaches
  7 goblins
  4 hobgoblins
  9 jackals
  8 kobolds
  3 quokkas (D:4)
  5 frilled lizards
  7 rats
115 creatures vanquished.

Notes
Turn   | Place    | Note
-------+----------+-------------------------------------------
     0 | D:1      | Donthurtboomboom the Troll Skald began the quest for the
                  | Orb.
     0 | D:1      | Reached XP level 1. HP: 19/19 MP: 1/1
   302 | D:1      | Reached XP level 2. HP: 28/28 MP: 2/2
  1074 | D:2      | Found a shadowy altar of Dithmenos.
  1079 | D:2      | Reached XP level 3. HP: 35/35 MP: 4/4
  1796 | D:3      | Reached XP level 4. HP: 40/42 MP: 5/5
  2310 | D:3      | Noticed Natasha
  2317 | D:3      | Killed Natasha
  2317 | D:3      | Reached skill level 3 in Unarmed Combat
  2559 | D:3      | Noticed Grinder
  2574 | D:3      | Killed Grinder
  2574 | D:3      | Reached skill level 4 in Unarmed Combat
  2574 | D:3      | Reached XP level 5. HP: 36/49 MP: 6/6
  2574 | D:3      | Reached XP level 6. HP: 42/57 MP: 7/7
  2915 | D:3      | Noticed Jessica
  2922 | D:3      | Killed Jessica
  2943 | D:3      | Noticed Ijyb
  2954 | D:3      | Killed Ijyb
  3675 | D:4      | Reached skill level 5 in Unarmed Combat
  4003 | D:4      | Reached XP level 7. HP: 65/65 MP: 8/8
  4015 | D:4      | Reached skill level 1 in Stealth
  4160 | D:5      | Entered Level 5 of the Dungeon
  4391 | D:5      | Found Anio's Gadget Shop.
  4554 | D:5      | Reached skill level 6 in Unarmed Combat
  4798 | D:5      | Got a coiled lead ring
  6071 | D:6      | Reached XP level 8. HP: 22/74 MP: 9/9
  6307 | D:6      | Found a staircase to the Ecumenical Temple.
  6323 | Temple   | Entered the Ecumenical Temple
  6843 | D:7      | Reached skill level 7 in Unarmed Combat
  6899 | D:7      | HP: 1/74 [gnoll sergeant/+0 spear (5)]
  6900 | D:7      | Slain by a gnoll sergeant

Levels and vault maps discovered:
D:1:      ncdulo_smallfort, layout_basic
D:2:      layout_rooms, grunt_dithmenos_smoke
D:3:      layout_loops_ring, first_ration, uniq_grinder, uniq_jessica,
          uniq_natasha, uniq_ijyb
D:4:      layout_loops_ring
D:5:      layout_rooms, minmay_shop_grid_forest, chequers_serial_rivers_micro_a
D:6:      layout_rooms, minmay_temple_entry_statues_fountains
D:7:      layout_gridville, fedhas_altar_1
Temple:   dpeg_three_leaves_temple

Skill      XL: |  1  2  3  4  5  6  7  8 |
---------------+-------------------------+-----
Dodging        | 2 3 4 |  4.3
Fighting       | 2 |  2.7
Unarmed Combat | 4 5 6 7 |  7.1
Stealth        | 1 |  1.2
Spellcasting   | |  1.4
Charms         | |  2.6

Action                   |  1- 3 |  4- 6 |  7- 9 || total
-------------------------+-------+-------+-------++-------
Melee: Unarmed           |    82 |   143 |   139 ||   364
       Punch             |       |     3 |     2 ||     5
  Use: Scroll            |       |       |     1 ||     1
 Stab: Sleeping          |       |     1 |       ||     1
  Eat: Chunk             |    13 |    15 |    14 ||    42
       Ration            |     1 |     2 |     3 ||     6
Armor: Robe              |    40 |    72 |    44 ||   156
Dodge: Dodged            |    43 |   113 |    88 ||   244
